 Dungeon Crawl Stone Soup version 0.30-a0-365-ge7f957f1db (webtiles) character file.

Game seed: 6793811679508391135

11 qeuew the Chopper (level 2, 0/22 HPs)
             Began as a Demonspawn Gladiator on Nov 17, 2022.
             Slain by a kobold
             ... wielding a +0 short sword
              (4 damage)
             ... on level 2 of the Dungeon.
             The game lasted 00:00:51 (852 turns).

qeuew the Chopper (Demonspawn Gladiator)             Turns: 852, Time: 00:00:52

Health: 0/22       AC:  4    Str: 14    XL:     2   Next: 17%
Magic:  2/2        EV: 12    Int:  9    God:
Gold:   23         SH:  0    Dex: 14    Spells: 1/1 levels left

rFire   . . .      SeeInvis .    a - +0 war axe
rCold   . . .      Faith    .    (no shield)
rNeg    . . .      Spirit   .    b - +0 leather armour
rPois   .          Reflect  .    c - +0 helmet
rElec   .          Harm     .    (no cloak)
rCorr   .          Rampage  .    (no gloves)
Will    .....                    (no boots)
Stlth   +.........               (no amulet)
HPRegen 0.23/turn                (no ring)
MPRegen 0.08/turn                (no ring)

@: no status effects
A: demonic touch 1
a: no special abilities


You were on level 2 of the Dungeon.
You visited 1 branch of the dungeon, and saw 2 of its levels.

You collected 23 gold pieces.

Inventory:

Hand Weapons
 a - a +0 war axe (weapon)
Missiles
 d - 3 throwing nets (quivered)
 e - 7 javelins
Armour
 b - a +0 leather armour (worn)
 c - a +0 helmet (worn)
Potions
 j - a potion of berserk rage
 k - a potion of heal wounds


   Skills:
 + Level 2.1 Fighting
 * Level 3.0 Axes
 + Level 1.9 Throwing
 + Level 0.2 Armour
 + Level 2.8 Dodging


You had one spell level left.
You didn't know any spells.
Your spell library was empty.

Dungeon Overview and Level Annotations

Branches:
Dungeon (2/15)

Altars:


Innate Abilities, Weirdness & Mutations

Your touch may inflict minor irresistible damage on your foes.


Message History

You are too injured to fight recklessly!
You are too injured to fight recklessly!
You are too injured to fight recklessly!
You are too injured to fight recklessly!
Unknown command.
You miss the kobold. You hit the kobold. You slash the kobold!
You kill the kobold!
You closely miss the kobold. You barely miss the kobold.
The kobold barely misses you.
The kobold hits you with a +0 short sword.
The kobold misses you. The kobold hits you but does no damage.
You have reached level 2!
Your demonic ancestry asserts itself...
Your hands begin to faintly glow with unholy energy.
You hit the kobold. Your touch misses the kobold.
The kobold is severely wounded.
You slash the kobold!
You kill the kobold!
You hit the kobold.
You kill the kobold!
You hit the kobold but do no damage. The kobold misses you. x2
The kobold barely misses you. x2
Your Axes skill increases to level 3!
You slash the kobold!
You kill the kobold!
You hit the kobold.
The kobold hits you with a +0 short sword.
Unknown command.
You barely miss the kobold.
The kobold is severely wounded.
The kobold hits you but does no damage.
The kobold hits you with a +0 short sword.
You hit the kobold but do no damage. Your touch misses the kobold.
The kobold is severely wounded.
The kobold hits you with a +0 short sword.
* * * LOW HITPOINT WARNING * * *
You closely miss the kobold.
The kobold is severely wounded.
The kobold hits you with a +0 short sword.
You die...

#####################
#.........##.~~≈≈≈≈≈≈
#.#######.#...~~~~~~~
#.#<....#.#..))......
#.#.###.#...$@)......
#.#...#.#.#..)K......
#.#####.#.#...~~≈~~~~
#.......#.##.~~≈≈≈≈≈≈
#########.###########
..# ###


You could see a kobold.

Vanquished Creatures
  A giant cockroach (D:1)
  A quokka (D:1)
  A ball python (D:1)
  A bat (D:1)
  A frilled lizard (D:1)
  6 kobolds
  2 rats (D:1)
13 creatures vanquished.

Notes
Turn   | Place    | Note
-------+----------+-------------------------------------------
     0 | D:1      | qeuew the Demonspawn Gladiator began the quest for the Orb.
     0 | D:1      | Reached XP level 1. HP: 16/16 MP: 1/1
   848 | D:2      | Gained mutation: Your touch may inflict minor irresistible
                  | damage on your foes. [demonic ancestry]
   848 | D:2      | Reached XP level 2. HP: 9/22 MP: 2/2
   849 | D:2      | Reached skill level 3 in Axes
   852 | D:2      | Slain by a kobold

Illustrated notes

Levels and vault maps discovered:
D:1:      ncdulo_lavacross, layout_loops_corners
D:2:      minmay_kobold_bridge, layout_basic, amethyst_killhole,
          chequers_serial_rivers_room_a, uniq_sigmund, uniq_crazy_yiuf_cottage,
          uniq_natasha

Skill      XL: |  1  2 |
---------------+-------+-----
Axes           | 3 |  3.0
Fighting       | |  2.1
Throwing       | |  1.9
Armour         | |  0.2
Dodging        | |  2.8

Action                   || total
-------------------------++-------
Melee: War axe           ||    47
  Use: Scroll            ||     4
       Potion            ||     1
Armor: Leather armour    ||    19
Dodge: Dodged            ||    43

Table legend: (Time is in decaauts)
 A = Elapsed time spent in this place.
 B = Non-inter-level travel time spent in this place.
 C = Inter-level travel time spent in this place.
 D = Time resting spent in this place.
 E = Time spent auto-exploring this place.
 F = Levels seen in this place.
 G = Mean time per level.
                   A        B        C        D        E       F      G
               +--------+--------+--------+--------+--------+-----+--------+
         Total |    877 |    870 |      7 |      0 |    741 |   2 |  438.5 |
       Dungeon |    877 |    870 |      7 |      0 |    741 |   2 |  438.5 |
               +--------+--------+--------+--------+--------+-----+--------+

Top non-repeatable levels by time:
     D:1: 819 daAuts
     D:2: 58 daAuts
